[Event "Team 45 45 League T67"]
[Site "Internet Chess Club"]
[Date "2015.12.21"]
[Round "3"]
[White "sdcohle"]
[Black "Andaluz"]
[Result "1/2-1/2"]
[WhiteElo "1466"]
[BlackElo "1362"]
[Opening "QGD: 3...Nf6"]
[ECO "D35"]
[Time "14:00:32"]
[TimeControl "2700+45"]

1. d4 d5 2. c4 Nf6 3. Nc3 e6 4. e3 c5 5. Nf3 cxd4 6. Nxd4 Be7 7. cxd5 Nxd5 8.
Bb5+ Bd7 9. Nxd5 exd5 10. O-O O-O 11. Qb3 Bxb5 12. Nxb5 a6 13. Nc3 d4 14. Rd1 b5
15. Rxd4 Qe8 16. Qd1 Bf6 17. Re4 Qc6 18. f3 Bxc3 19. bxc3 Nd7 20. Bb2 Nc5 21.
Rd4 Na4 22. Qc2 Rac8 23. Rc1 Nxb2 24. Qxb2 Rfe8 25. Qd2 Qb6 26. Rd1 g6 27. h3
Qc7 28. Rc1 Red8 29. Rxd8+ Rxd8 30. Qc2 Rc8 31. a3 Qc5 32. Kf2 Qxa3 33. Qd2 Kf8
34. Rc2 Qc5 35. Qd4 {Game drawn by mutual agreement} 1/2-1/2

[Event "Team 45 45 League T67"]
[Site "Internet Chess Club"]
[Date "2015.12.18"]
[Round "3"]
[White "LazyPeon"]
[Black "VictorRed"]
[Result "1-0"]
[WhiteElo "1798"]
[BlackElo "1794"]
[Opening "Queen's pawn game"]
[ECO "E10"]
[Time "16:11:24"]
[TimeControl "2700+45"]

1. d4 e6 2. Nf3 Nf6 3. c4 d5 4. g3 Bb4+ 5. Bd2 Bxd2+ 6. Nbxd2 O-O 7. Bg2 Nc6 8.
O-O h6 9. Qc2 Qe7 10. e4 Nb4 11. Qb1 Rd8 12. e5 Ne8 13. a3 Nc6 14. Qc2 a6 15.
Rfe1 Qd7 16. Rad1 Ne7 17. Nf1 c6 18. Ne3 b6 19. Ng4 Bb7 20. Qc1 Rac8 21. Nf6+
gxf6 22. exf6 Nxf6 23. Qxh6 Ng6 24. Ne5 Nxe5 25. Rxe5 Nh7 26. Rh5 f6 27. Bh3 Re8
28. Re1 f5 29. Qg6+ Qg7 30. Rxe6 Qxg6 31. Rxg6+ Kh8 32. Bxf5 Rc7 33. Rgh6 Ree7
34. cxd5 cxd5 35. Rxb6 Rc6 36. Rxc6 Bxc6 37. Rh6 Bb5 38. g4 Kg8 39. Bxh7+ Kh8
40. Bd3+ {Black resigns} 1-0

[Event "Team 45 45 League T67"]
[Site "Internet Chess Club"]
[Date "2015.12.18"]
[Round "3"]
[White "isolani"]
[Black "Zugzwanged"]
[Result "0-1"]
[WhiteElo "1404"]
[BlackElo "1650"]
[Opening "Queen's pawn: Torre attack"]
[ECO "A46"]
[Time "17:00:55"]
[TimeControl "2700+45"]

1. d4 Nf6 2. Nf3 e6 3. Bg5 c5 4. Bxf6 Qxf6 5. e3 Nc6 6. Be2 d5 7. O-O Bd6 8. Nc3
cxd4 9. exd4 a6 10. Re1 O-O 11. Bf1 Re8 12. Ne5 Nxe5 13. dxe5 Bxe5 14. Na4 b5
15. Nb6 Bd4 {White resigns} 0-1

[Event "Team 45 45 League T67"]
[Site "Internet Chess Club"]
[Date "2015.12.19"]
[Round "3"]
[White "idjit"]
[Black "pcvan"]
[Result "1-0"]
[WhiteElo "1603"]
[BlackElo "1472"]
[Opening "Sicilian: Grand Prix attack"]
[ECO "B23"]
[Time "19:00:29"]
[TimeControl "2700+45"]

1. e4 c5 2. Nc3 Nc6 3. f4 g6 4. Nf3 Bg7 5. Bb5 Nd4 6. O-O a6 7. Bc4 b5 8. Bd5
Rb8 9. e5 Nh6 10. Nxd4 cxd4 11. Ne2 Nf5 12. d3 O-O 13. Be4 d6 14. Bxf5 Bxf5 15.
Nxd4 Qb6 16. Be3 Qc7 17. Nxf5 gxf5 18. d4 Rfc8 19. c3 b4 20. Rc1 Qa5 21. c4 Qxa2
22. b3 Qa5 23. Ra1 Qb6 24. Qe1 Qb7 25. Ra5 Qc7 26. Rxa6 Ra8 27. Qa1 Qb7 28. Rxa8
Rxa8 29. Qb2 Qe4 30. Bd2 Rd8 31. Bxb4 dxe5 32. dxe5 e6 33. Bd6 Bf8 34. c5 Bxd6
35. exd6 Qe3+ 36. Qf2 Qxb3 37. Qd4 Qa3 38. Rf3 Qc1+ 39. Kf2 Qc2+ 40. Kg3 h5 41.
Kh4 Kh7 42. Rg3 Rg8 43. Rxg8 Kxg8 44. d7 {Black resigns} 1-0

[Event "Team 45 45 League T67"]
[Site "Internet Chess Club"]
[Date "2015.12.17"]
[Round "3"]
[White "HorseRadish"]
[Black "bayoumicardio10"]
[Result "1-0"]
[WhiteElo "1466"]
[BlackElo "1730"]
[Opening "King's Indian: London system"]
[ECO "A45"]
[Time "20:00:13"]
[TimeControl "2700+45"]

1. d4 Nf6 2. Bf4 g6 3. Nf3 Bg7 4. e3 a6 5. Nbd2 b5 6. Be2 d6 7. h3 Nbd7 8. c3
Bb7 9. O-O Rc8 10. a4 c6 11. axb5 cxb5 12. Qb3 Nb6 13. Rfc1 d5 14. Ne5 O-O 15.
Ndf3 Nc4 16. Qc2 Ne4 17. Nxc4 dxc4 18. Be5 Bxe5 19. Nxe5 Ng5 20. h4 f6 21. Nxg6
Be4 22. Qd2 hxg6 23. hxg5 Qd5 24. f3 Qxg5 25. fxe4 Kg7 26. Rxa6 Rh8 27. Ra7 Kf7
28. Bf3 Rh3 29. Kf2 Rch8 30. gxh3 Rxh3 31. Rg1 Rh2+ 32. Rg2 Qh4+ 33. Ke2 Rh1 34.
d5 f5 35. exf5 Kf6 36. Qd4+ {Black resigns} 1-0

[Event "Team 45 45 League T67"]
[Site "Internet Chess Club"]
[Date "2015.12.20"]
[Round "3"]
[White "justice02"]
[Black "Heian"]
[Result "0-1"]
[WhiteElo "1587"]
[BlackElo "1695"]
[Opening "Ruy Lopez: Classical defense deferred"]
[ECO "C70"]
[Time "15:00:19"]
[TimeControl "2700+45"]

1. Nf3 Nc6 2. e4 e5 3. Bb5 a6 4. Ba4 Bc5 5. d3 b5 6. Bb3 d6 7. c3 Bb6 8. O-O Bd7
9. Bg5 Nge7 10. d4 exd4 11. cxd4 Rb8 12. Nc3 Bg4 13. Ne2 Bxf3 14. gxf3 Qd7 15.
a3 h6 16. Be3 Ng6 17. Kh1 Na5 18. Bc2 Nc4 19. Bc1 Rd8 20. Rg1 Qe7 21. b3 Na5 22.
Bb2 Nc6 23. Rc1 Qf6 24. Qd3 Nce7 25. Bb1 Nh4 26. Rg3 Neg6 27. a4 bxa4 28. bxa4
a5 29. Bc3 Nf4 30. Nxf4 Qxf4 31. Rcg1 g5 32. Bxa5 Bxa5 33. Qb5+ Rd7 34. Qxa5
Nxf3 35. Qa8+ Rd8 36. Qc6+ Rd7 37. Rd1 h5 38. Rd3 g4 39. Rb3 O-O 40. Qxd7 Qc1+
{White resigns} 0-1

[Event "Team 45 45 League T67"]
[Site "Internet Chess Club"]
[Date "2015.12.20"]
[Round "3"]
[White "FrankNautilus"]
[Black "zepled37"]
[Result "0-1"]
[WhiteElo "1681"]
[BlackElo "1730"]
[Opening "Trompowsky attack (Ruth, Opocenský opening)"]
[ECO "A45"]
[Time "16:03:26"]
[TimeControl "2700+45"]

1. d4 Nf6 2. Bg5 d5 3. Bxf6 exf6 4. e3 Bd6 5. g3 c6 6. Bg2 O-O 7. Ne2 Nd7 8. O-O
f5 9. b3 Nf6 10. c4 b6 11. Nbc3 Bb7 12. cxd5 cxd5 13. Nf4 Be7 14. Rc1 Qd7 15.
Qf3 Ne4 16. Nxe4 fxe4 17. Qd1 Ba6 18. Re1 Bb4 19. Bf1 Bxf1 20. Kxf1 Bxe1 21.
Kxe1 Rac8 22. Kd2 Rxc1 23. Qxc1 Rc8 24. Qa3 Qc6 25. Qb2 g5 26. Ne2 Qf6 27. Qa3
Rc7 28. Qb2 Qxf2 29. h4 gxh4 30. gxh4 Qxh4 31. b4 h5 32. Qb3 Qd8 33. Nf4 h4 34.
Nxd5 Rc6 35. Nf4 Qg5 36. Qa4 Rh6 37. Qxa7 h3 38. Qb8+ Kg7 39. Qb7 h2 {White
resigns} 0-1

[Event "Team 45 45 League T67"]
[Site "Internet Chess Club"]
[Date "2015.12.16"]
[Round "3"]
[White "Grenadier"]
[Black "QuieroAprender"]
[Result "0-1"]
[WhiteElo "1599"]
[BlackElo "1662"]
[Opening "Bishop's opening: Berlin defense"]
[ECO "C24"]
[Time "19:03:25"]
[TimeControl "2700+45"]

1. e4 e5 2. Bc4 Nf6 3. d3 Bc5 4. Nc3 c6 5. f4 d5 6. exd5 cxd5 7. Bb5+ Nc6 8.
fxe5 Ng4 9. Nf3 Nf2 10. Qe2 Nxh1 11. d4 Bxd4 12. Bg5 Bxc3+ 13. bxc3 Qa5 14. Bd2
Qc7 15. Bd3 Bg4 16. Bf4 Bxf3 17. gxf3 O-O 18. Kd2 d4 19. cxd4 Qb6 20. Rxh1 Qxd4
21. Bg3 Qb4+ 22. Kc1 Qa3+ 23. Kd1 Qxa2 24. Qe4 g6 25. Re1 Rad8 26. e6 Qb1+ 27.
Ke2 Nd4+ 28. Kf1 Qb6 29. e7 Ne6 30. Bh4 Rd4 31. exf8=Q+ Kxf8 32. Qe5 Rxh4 33.
Kg2 Qc7 34. Qh8+ Ke7 35. h3 Qa5 36. Rxe6+ Kxe6 37. Qe8+ Kf6 38. Qh8+ Kg5 39. Qe8
Qd2+ 40. Be2 Qd5 41. Qe7+ f6 42. Qe3+ Kh5 43. Kh2 g5 44. Qe8+ Kh6 45. Qf8+ Kg6
46. Qe8+ Kg7 47. Qe7+ Qf7 48. Qc5 b6 49. Qc3 Qd7 50. f4 Rxf4 51. Bg4 Rxg4 52.
hxg4 Qxg4 53. Qc7+ Kg6 54. Qc3 Qe2+ 55. Kg1 a5 56. Qb3 Qg4+ 57. Kf2 Qd4+ 58. Ke2
Qe5+ 59. Kf2 Qh2+ 60. Ke1 Qg1+ 61. Ke2 Qg2+ 62. Kd1 Qf1+ 63. Kd2 Qf4+ 64. Kd1
Qd4+ 65. Ke2 Qd8 66. Qf3 Qe7+ 67. Kd1 Qd6+ 68. Ke2 f5 69. Qb3 Qe5+ 70. Kd1 Qd4+
71. Ke2 Qe4+ 72. Kf2 Qf4+ 73. Ke2 Qh2+ 74. Kd1 Qg1+ 75. Kd2 Qf2+ 76. Kd1 Qd4+
77. Ke2 g4 78. Qe6+ Qf6 79. Qg8+ Kh6 80. c4 Qe5+ 81. Kf2 g3+ 82. Kg2 Qe2+ 83.
Kxg3 Qg4+ 84. Qxg4 fxg4 {White resigns} 0-1

[Event "Team 45 45 League T67"]
[Site "Internet Chess Club"]
[Date "2015.12.20"]
[Round "3"]
[White "Andressa"]
[Black "GoIrish"]
[Result "1/2-1/2"]
[WhiteElo "1407"]
[BlackElo "1549"]
[Opening "Petrov three knights game"]
[ECO "C26"]
[Time "19:01:13"]
[TimeControl "2700+45"]

1. e4 Nf6 2. Nc3 e5 3. Nf3 d6 4. Bc4 Be7 5. d3 O-O 6. O-O Bg4 7. h3 Bh5 8. Be3
Nc6 9. Nd5 Na5 10. Nxf6+ Bxf6 11. Bb3 Nxb3 12. axb3 b6 13. c3 Bg6 14. Qd2 d5 15.
exd5 Qxd5 16. d4 e4 17. c4 Qe6 18. d5 Qe7 19. Nd4 Bxd4 20. Qxd4 Rfd8 21. Rfd1
Qd6 22. Qd2 Re8 23. Bf4 Qe7 24. Qe3 a5 25. d6 cxd6 26. Bxd6 Qf6 27. Ba3 Rad8 28.
Rac1 h6 29. Rb1 Qe6 30. Rbc1 Rd3 31. Rxd3 exd3 32. Qxe6 fxe6 33. Bd6 Rd8 34. Bf4
d2 35. Rd1 Bc2 36. Rxd2 Rxd2 37. Bxd2 Bxb3 38. Be3 Bxc4 39. Bxb6 a4 40. f4 Kf7
41. Kf2 g5 42. fxg5 hxg5 43. Be3 Kg6 44. g3 e5 45. Kf3 Kf5 46. Kg2 e4 {Game
drawn by mutual agreement} 1/2-1/2

[Event "Team 45 45 League T67"]
[Site "Internet Chess Club"]
[Date "2015.12.19"]
[Round "3"]
[White "searchforbobby1"]
[Black "hood"]
[Result "0-1"]
[WhiteElo "2011"]
[BlackElo "2040"]
[Opening "Center game: Paulsen attack"]
[ECO "C22"]
[Time "20:27:05"]
[TimeControl "2700+45"]

1. e4 e5 2. d4 exd4 3. Qxd4 Nc6 4. Qe3 Bb4+ 5. Nc3 Nf6 6. Bd2 d6 7. O-O-O Be6 8.
f4 Qe7 9. h3 d5 10. Bb5 Bc5 11. Bxc6+ bxc6 12. Qg3 d4 13. Na4 Nxe4 14. Qxg7
O-O-O 15. Qe5 Bd5 16. Qxe7 Bxe7 17. Nf3 Nf2 18. Rhf1 Bxf3 19. Rxf2 Bxd1 20. Kxd1
Bh4 21. Rf3 Rhg8 22. g4 Rde8 23. Nc5 h5 24. c3 hxg4 25. hxg4 dxc3 26. Bxc3 Rxg4
27. Kc2 Rg2+ 28. Kb3 Rg3 29. Rf1 Bf6 30. Na4 Bxc3 31. Nxc3 Ree3 32. Rh1 Rh3 33.
Rg1 Reg3 34. Re1 Kd7 35. Kc4 Rg2 36. Ne4 Rc2+ 37. Kd4 Rxb2 38. Nf6+ Kc8 39. Re8+
Kb7 40. Nd7 Rd2+ {White resigns} 0-1

[Event "Team 45 45 League T67"]
[Site "Internet Chess Club"]
[Date "2015.12.20"]
[Round "3"]
[White "dp15"]
[Black "Monterrey"]
[Result "1/2-1/2"]
[WhiteElo "1995"]
[BlackElo "2031"]
[Opening "French: MacCutcheon, Lasker variation, 8...g6"]
[ECO "C12"]
[Time "18:00:27"]
[TimeControl "2700+45"]

1. e4 e6 2. d4 d5 3. Nc3 Nf6 4. Bg5 Bb4 5. e5 h6 6. Bd2 Bxc3 7. bxc3 Ne4 8. Qg4
g6 9. Bd3 Nxd2 10. Kxd2 c5 11. dxc5 Qc7 12. Nf3 Nd7 13. Qd4 Nxc5 14. Rhb1 Bd7
15. Ke1 Na4 16. Rb3 a6 17. Rab1 b5 18. Qb4 Rc8 19. Kd2 Qc5 20. Nd4 O-O 21. f3
Rc7 22. Ra3 Rfc8 23. Rbb3 Kg7 24. Be2 Rf8 25. Qa5 Nb6 26. Qb4 Na4 27. Qa5 Rfc8
28. Qb4 f6 29. exf6+ Kxf6 30. Bd3 e5 31. Ne2 Qxb4 32. cxb4 Bf5 33. Nc3 Nxc3 34.
Rxc3 Rxc3 35. Rxc3 Rxc3 36. Kxc3 e4 37. Be2 Ke5 38. fxe4 d4+ 39. Kd2 Bxe4 40. g3
g5 41. Bg4 Bf5 42. Bf3 Be4 43. Bg4 {Game drawn by mutual agreement} 1/2-1/2

[Event "Team 45 45 League T67"]
[Site "Internet Chess Club"]
[Date "2015.12.19"]
[Round "3"]
[White "chsrules88"]
[Black "jon314159"]
[Result "1-0"]
[WhiteElo "2047"]
[BlackElo "1610"]
[Opening "Vienna game"]
[ECO "C28"]
[Time "20:30:43"]
[TimeControl "2700+45"]

1. e4 e5 2. Nc3 Nf6 3. Bc4 Nc6 4. d3 Be7 5. Nf3 O-O 6. O-O d6 7. h3 Na5 8. Bb3
Nxb3 9. axb3 b6 10. Bg5 Bb7 11. Qe2 Nh5 12. Be3 g6 13. d4 Bf6 14. dxe5 Bxe5 15.
Nxe5 dxe5 16. Rad1 Qe7 17. Nd5 Bxd5 18. Rxd5 f5 19. exf5 Rxf5 20. g4 c6 21. Qc4
cxd5 22. Qxd5+ Kg7 23. Qxa8 Rf8 24. Qc6 Nf4 25. Bxf4 Rxf4 26. Rd1 Qh4 27. Qg2 e4
28. Qg3 Qxg3+ 29. fxg3 Rf3 30. Kg2 Kf6 31. Rf1 Rxf1 32. Kxf1 g5 33. Ke2 Ke5 34.
Ke3 b5 35. c4 bxc4 36. bxc4 a5 37. b3 h6 38. h4 gxh4 39. gxh4 {Black resigns}
1-0

[Event "Team 45 45 League T67"]
[Site "Internet Chess Club"]
[Date "2015.12.18"]
[Round "3"]
[White "joebobpop"]
[Black "fishhead"]
[Result "1-0"]
[WhiteElo "2008"]
[BlackElo "1760"]
[Opening "Sicilian: Najdorf, Byrne (English) attack"]
[ECO "B90"]
[Time "17:00:41"]
[TimeControl "2700+45"]

1. e4 c5 2. Nf3 d6 3. d4 cxd4 4. Nxd4 Nf6 5. Nc3 a6 6. Be3 e5 7. Nb3 Be7 8. f3
Be6 9. Qd2 Nbd7 10. O-O-O b5 11. g4 Nb6 12. h4 Nc4 13. Bxc4 bxc4 14. Na1 Qa5 15.
h5 Rb8 16. g5 Nd7 17. f4 exf4 18. Bxf4 Ne5 19. g6 Qb4 20. gxf7+ Kxf7 21. b3 Rhc8
22. Rhf1 Kg8 23. Nd5 Bxd5 24. Qxd5+ Kh8 25. Bxe5 dxe5 26. Qxe5 c3 27. Rd7 Qa3+
28. Kd1 Rd8 29. Ke2 Rxd7 30. Qxb8+ Rd8 31. Qe5 Bd6 32. Qxc3 Re8 33. Qc6 Rf8 34.
Rxf8+ Bxf8 35. Qe8 Qd6 36. e5 Qb4 37. c4 Qc5 38. Nc2 g5 39. Nd4 g4 40. Ne6 Qxe5+
41. Kd3 Qf5+ 42. Kd4 Qf2+ 43. Ke5 Qe3+ 44. Kf5 Qf3+ 45. Kg5 g3 46. Nxf8 g2 47.
Ne6+ {Black resigns} 1-0

[Event "Team 45 45 League T67"]
[Site "Internet Chess Club"]
[Date "2015.12.18"]
[Round "3"]
[White "Roger43"]
[Black "Pomberito"]
[Result "1-0"]
[WhiteElo "2030"]
[BlackElo "1988"]
[Opening "Ruy Lopez: closed, Flohr-Zaitsev system (Lenzerheide variation)"]
[ECO "C92"]
[Time "12:00:35"]
[TimeControl "2700+45"]

1. e4 e5 2. Nf3 Nc6 3. Bb5 a6 4. Ba4 Nf6 5. O-O Be7 6. Re1 b5 7. Bb3 d6 8. c3
O-O 9. h3 Bb7 10. d4 exd4 11. cxd4 Re8 12. Nc3 Na5 13. Bc2 Nd7 14. b4 Nc4 15.
Qd3 g6 16. Bf4 c5 17. a4 cxb4 18. axb5 Nb2 19. Qd2 Nc4 20. Qe2 Ndb6 21. bxa6
Bxa6 22. Nb1 Na3 23. Bd3 Bxd3 24. Qxd3 d5 25. e5 Nbc4 26. Nbd2 Nxd2 27. Nxd2 Rc8
28. Rec1 Qb6 29. Nb3 Rc4 30. Kh2 Rec8 31. Kg1 Rc3 32. Qd1 Nc2 33. Rab1 R8c4 34.
Bd2 Na3 35. Rb2 Rxc1 36. Bxc1 Nb5 37. Ra2 h5 38. Ra8+ Kg7 39. Re8 Qc7 40. Qd2 g5
41. h4 Qd7 42. Rb8 Nc3 43. hxg5 Ne4 44. Qd1 Qg4 45. f3 Nc3 46. fxg4 Nxd1 47.
gxh5 Rc3 48. h6+ Kh7 49. e6 Rxb3 50. Rb7 Bd6 51. Rxf7+ Kh8 52. e7 Bxe7 53. Rxe7
Rg3 54. Bf4 {Black resigns} 1-0

[Event "Team 45 45 League T67"]
[Site "Internet Chess Club"]
[Date "2015.12.20"]
[Round "3"]
[White "f5"]
[Black "PolishRyszard"]
[Result "1-0"]
[WhiteElo "2047"]
[BlackElo "1913"]
[Opening "Dutch"]
[ECO "A80"]
[Time "15:00:15"]
[TimeControl "2700+45"]

1. d4 f5 2. Nc3 Nf6 3. Bg5 d5 4. e3 e6 5. g3 Be7 6. Bg2 O-O 7. Nge2 c5 8. O-O
Nc6 9. Nf4 Ne4 10. Bxe7 Qxe7 11. Nxe4 fxe4 12. c4 g5 13. Ne2 cxd4 14. exd4 Bd7
15. Qd2 Rad8 16. Nc3 Be8 17. Rae1 Qf6 18. cxd5 exd5 19. f3 e3 20. Rxe3 Qxd4 21.
Qxd4 Nxd4 22. Rd3 Nc6 23. Rxd5 Rxd5 24. Nxd5 Rf5 25. f4 gxf4 26. Rxf4 Bg6 27.
Rxf5 Bxf5 28. Ne3 Be6 29. a3 Kf7 30. Kf2 Kf6 31. Ke2 Ke5 32. Kd3 Bf7 33. Ng4+
Kd6 34. Bxc6 bxc6 35. b4 Bg6+ 36. Kd4 Bf5 37. Ne5 Bc2 38. Nc4+ Kc7 39. Kc5 Be4
40. Ne5 h5 41. h4 Bg2 42. g4 hxg4 43. Nxg4 Kd7 44. Ne5+ Kc7 45. h5 Bh1 46. h6
Be4 47. Nxc6 a6 48. Ne5 Kb7 49. Nf7 Bg6 50. Ng5 a5 51. b5 Kc7 52. h7 {Black
resigns} 1-0

[Event "Team 45 45 League T67"]
[Site "Internet Chess Club"]
[Date "2015.12.17"]
[Round "3"]
[White "modiglani"]
[Black "WCourson"]
[Result "1-0"]
[WhiteElo "1930"]
[BlackElo "1936"]
[Opening "Dutch"]
[ECO "A80"]
[Time "14:07:36"]
[TimeControl "2700+45"]

1. d4 f5 2. Bf4 Nf6 3. e3 e6 4. Be2 Be7 5. Nd2 d6 6. h4 Nbd7 7. h5 Ne4 8. Nxe4
fxe4 9. Nh3 Nf6 10. g4 c6 11. Qd2 Qc7 12. O-O-O Bd7 13. c4 e5 14. g5 Nxh5 15.
Bxh5+ g6 16. dxe5 dxe5 17. Bxe5 Qxe5 18. Qxd7+ Kf7 19. Be2 Rad8 20. Qg4 Kg7 21.
Nf4 Kf7 22. Rxd8 Ba3 23. Qd7+ {Black resigns} 1-0

[Event "Team 45 45 League T67"]
[Site "Internet Chess Club"]
[Date "2015.12.21"]
[Round "3"]
[White "primerpaso"]
[Black "Goli"]
[Result "1-0"]
[WhiteElo "1911"]
[BlackElo "1677"]
[Opening "English opening"]
[ECO "A16"]
[Time "16:19:13"]
[TimeControl "2700+45"]

1. c4 Nf6 2. Nc3 g6 3. g3 Bg7 4. Bg2 O-O 5. e4 d6 6. Nge2 e5 7. O-O a5 8. d4
Nbd7 9. h3 exd4 10. Nxd4 h6 11. Be3 Nc5 12. Qc2 Re8 13. Nb3 Nxb3 14. axb3 Bd7
15. Rfe1 Bc6 16. Nd5 Bxd5 17. exd5 Nh5 18. Qd2 Kh7 19. g4 Nf6 20. Rxa5 Rxa5 21.
Qxa5 Ne4 22. Bxe4 Rxe4 23. Qd2 Qh4 24. Kg2 Qf6 25. Re2 b6 26. Qd3 Qe7 27. Kf3
Re5 28. b4 f5 29. Bf4 Re4 30. Rxe4 fxe4+ 31. Qxe4 Qxe4+ 32. Kxe4 Bxb2 33. c5
bxc5 34. bxc5 Ba3 35. Bxd6 cxd6 36. c6 {Black resigns} 1-0

[Event "Team 45 45 League T67"]
[Site "Internet Chess Club"]
[Date "2015.12.22"]
[Round "3"]
[White "calsal"]
[Black "LordKinbote"]
[Result "1-0"]
[WhiteElo "1776"]
[BlackElo "1664"]
[Opening "two knights defense: Ulvestad variation"]
[ECO "C57"]
[Time "11:07:43"]
[TimeControl "2700+45"]

1. e4 e5 2. Bc4 Nc6 3. Nf3 Nf6 4. Ng5 d5 5. exd5 b5 6. Bf1 Nd4 7. c3 Nxd5 8.
cxd4 Qxg5 9. Bxb5+ Kd8 10. O-O Bb7 11. Qf3 Rb8 12. dxe5 Nb4 13. Qg3 Qxg3 14.
fxg3 Nc2 15. d4 Bd5 16. Nc3 Rxb5 17. Nxb5 Bc4 18. Bg5+ Be7 19. Bxe7+ Kxe7 20.
Rfc1 Bd3 21. Nxc7 Nxa1 22. Nd5+ Kd7 23. Rc7+ Kd8 24. Rxa7 Re8 25. Nb4 Bg6 26. d5
Nc2 27. Nc6+ Kc8 28. d6 Bf5 29. Rc7# {Black checkmated} 1-0

[Event "Team 45 45 League T67"]
[Site "Internet Chess Club"]
[Date "2015.12.21"]
[Round "3"]
[White "Invicta-Knight"]
[Black "rusano"]
[Result "1/2-1/2"]
[WhiteElo "1588"]
[BlackElo "1702"]
[Opening "French: Fort Knox variation"]
[ECO "C10"]
[Time "15:09:05"]
[TimeControl "2700+45"]

1. e4 e6 2. d4 d5 3. Nc3 dxe4 4. Nxe4 Bd7 5. Nf3 Bc6 6. Bd3 Be7 7. Be3 Nd7 8.
Qd2 Ngf6 9. Nxf6+ Nxf6 10. Be2 O-O 11. O-O-O a6 12. Rhg1 Ne4 13. Qe1 Bb5 14. Ne5
Qd5 15. c4 Qd6 16. cxb5 axb5 17. Bd3 Qd5 18. Bb1 f6 19. f3 fxe5 20. fxe4 Qc4+
21. Qc3 exd4 22. Rxd4 Qxc3+ 23. bxc3 Bc5 24. Rd3 Bxe3+ 25. Rxe3 Rf2 26. h3 Ra3
27. g4 b4 28. Rgg3 Rf1+ 29. Kb2 Rf2+ 30. Bc2 Ra4 31. Rgf3 bxc3+ 32. Rxc3 Rb4+
33. Rb3 Rxf3 34. Rxb4 b6 35. Rb3 Rf7 36. a4 e5 37. Kc3 g5 38. Rxb6 Rf3+ 39. Kb4
cxb6 40. Kb5 Rf6 41. Bb3+ Kf8 42. Bd5 Ke7 43. Bc6 Kd8 44. Kxb6 Rf7 45. a5 Kc8
46. a6 Kb8 47. Bb7 Rf6+ 48. Kc5 Rf3 49. Kd5 Rxh3 50. Kxe5 h6 51. Kf5 Rh4 52. e5
h5 53. Kxg5 Rxg4+ 54. Kxh5 Rg8 55. e6 Re8 56. Bd5 Ka7 57. Kg6 Rxe6+ 58. Bxe6
Kxa6 {Game drawn because neither player has mating material} 1/2-1/2

[Event "Team 45 45 League T67"]
[Site "Internet Chess Club"]
[Date "2015.12.19"]
[Round "3"]
[White "SirIvanhoe"]
[Black "parrot9"]
[Result "1/2-1/2"]
[WhiteElo "1542"]
[BlackElo "1655"]
[Opening "Sicilian: closed, Korchnoi variation"]
[ECO "B23"]
[Time "13:02:28"]
[TimeControl "2700+45"]

1. e4 c5 2. Nc3 e6 3. g3 d5 4. Bg2 Nf6 5. d3 Nc6 6. exd5 Nxd5 7. Nge2 Be7 8. O-O
O-O 9. Nxd5 exd5 10. Nc3 Be6 11. Bf4 a6 12. Re1 b5 13. Rb1 b4 14. Na4 Qd7 15.
Nb6 Qa7 16. Nxa8 Rxa8 17. c4 Rd8 18. b3 Nd4 19. Be3 Nf5 20. Qe2 Bf6 21. Bd2 Qd7
22. Be3 d4 23. Bf4 Re8 24. Qd2 h5 25. Bg5 Bd8 26. Bxd8 Qxd8 27. Re2 h4 28. Rbe1
g5 29. Bd5 hxg3 30. hxg3 Qf6 31. Bxe6 fxe6 32. Kg2 Kg7 33. Rh1 e5 34. Rh5 Kg6
35. Rh3 Qc6+ 36. Kg1 Qf3 37. Qd1 Qg4 38. Kh2 Qf3 39. Kg1 Qg4 40. Qf1 Rf8 41. Re4
Qf3 42. Qe2 Qxe2 43. Rxe2 g4 44. Rh1 Re8 45. Kg2 a5 46. Rhe1 Kf6 47. Re4 Nh6 48.
f3 gxf3+ 49. Kxf3 Nf5 50. Rh1 Ne3 51. Rh6+ Kg5 52. Rc6 Nf1 53. Kg2 Ne3+ 54. Kg1
Rf8 55. Rxe5+ Kg4 56. Rg6+ Kf3 57. Ree6 Ke2 58. Ref6 Rxf6 59. Rxf6 Kxd3 60. Rf3
Ke2 61. Rf2+ Ke1 62. Rf3 Ke2 63. Rf2+ Ke1 64. Rf3 Ke2 65. Rf2+ {Game drawn by
repetition} 1/2-1/2

[Event "Team 45 45 League T67"]
[Site "Internet Chess Club"]
[Date "2015.12.19"]
[Round "3"]
[White "herrahuu"]
[Black "skuhl99"]
[Result "1-0"]
[WhiteElo "1503"]
[BlackElo "1481"]
[Opening "Benkö gambit accepted"]
[ECO "A58"]
[Time "07:00:14"]
[TimeControl "2700+45"]

1. d4 Nf6 2. c4 c5 3. d5 b5 4. cxb5 a6 5. bxa6 Bxa6 6. b3 g6 7. Bb2 Bg7 8. Nc3
d6 9. Rb1 O-O 10. g3 Nbd7 11. Bg2 Qb6 12. Nf3 Rfb8 13. O-O Ng4 14. Na4 Qb5 15.
Bxg7 Kxg7 16. e4 Qd3 17. Re1 Qxd1 18. Rbxd1 Nb6 19. Nxb6 Rxb6 20. h3 Nf6 21. e5
Nd7 22. e6 fxe6 23. Rxe6 Re8 24. Rde1 Kf8 25. Ng5 h6 26. Nh7+ Kf7 27. Be4 Ne5
28. f4 Bd3 29. fxe5 Bxe4 30. Rxe4 Kg7 31. Nf6 {Black resigns} 1-0

[Event "Team 45 45 League T67"]
[Site "Internet Chess Club"]
[Date "2015.12.19"]
[Round "3"]
[White "Elalfer"]
[Black "cayo89"]
[Result "0-1"]
[WhiteElo "1571"]
[BlackElo "1619"]
[Opening "Queen's Indian: 4.Nc3"]
[ECO "E12"]
[Time "13:00:32"]
[TimeControl "2700+45"]

1. d4 Nf6 2. c4 e6 3. Nf3 b6 4. Nc3 Bb4 5. e3 Bb7 6. Bd3 Ne4 7. Qc2 Bxc3+ 8.
bxc3 f5 9. O-O O-O 10. Ne5 d6 11. Bxe4 fxe4 12. Nd3 exd3 13. Qxd3 Nd7 14. e4 e5
15. f4 exf4 16. Bxf4 Qe7 17. e5 dxe5 18. dxe5 Nc5 19. Qh3 Qe6 20. Qh4 Rad8 21.
Rad1 Qg6 22. Bg5 Rxd1 23. Rxd1 Ne6 {White resigns} 0-1

[Event "Team 45 45 League T67"]
[Site "Internet Chess Club"]
[Date "2015.12.20"]
[Round "3"]
[White "elessar"]
[Black "krysto"]
[Result "1/2-1/2"]
[WhiteElo "1649"]
[BlackElo "1583"]
[Opening "French: Two knights variation"]
[ECO "C00"]
[Time "18:03:50"]
[TimeControl "2700+45"]

1. e4 e6 2. Nf3 d5 3. Nc3 Nf6 4. e5 Nfd7 5. d4 c5 6. dxc5 Bxc5 7. Bd3 Nc6 8. Bf4
a6 9. O-O O-O 10. Qe2 Qb6 11. Na4 Qb4 12. Nxc5 Nxc5 13. Bc1 Nxd3 14. Qxd3 h6 15.
Re1 Bd7 16. Bd2 Qe7 17. c3 Na5 18. Qd4 Rfc8 19. b3 Nc6 20. Qg4 f5 21. Qg3 Kh8
22. Nh4 Be8 23. f4 Bf7 24. Qf2 b5 25. Be3 Qe8 26. Bc5 Ne7 27. b4 Ng6 28. Nxg6+
Bxg6 29. a3 Qg8 30. a4 Be8 31. a5 Bc6 32. Rac1 Rc7 33. Re3 g6 34. Rh3 Rh7 35.
Qh4 Qf7 36. Rd1 Rg8 37. Rd2 g5 38. fxg5 hxg5 39. Qxh7+ Qxh7 40. Rxh7+ Kxh7 41.
Rd3 Rg6 42. Rh3+ Rh6 43. Rxh6+ Kxh6 44. g3 Kh5 45. Be3 Kg4 46. Kf2 f4 47. gxf4
gxf4 48. Bd4 Be8 49. Kg1 Kh3 50. Bf2 Bh5 51. Bc5 Bf3 52. Bb6 Be4 53. Bc5 f3 54.
Bb6 Kg4 55. Kf2 {Game drawn by mutual agreement} 1/2-1/2

[Event "Team 45 45 League T67"]
[Site "Internet Chess Club"]
[Date "2015.12.19"]
[Round "3"]
[White "scostanzo212"]
[Black "Hal2001"]
[Result "1/2-1/2"]
[WhiteElo "1507"]
[BlackElo "1637"]
[Opening "Budapest: Adler variation"]
[ECO "A52"]
[Time "10:01:36"]
[TimeControl "2700+45"]

1. d4 Nf6 2. c4 e5 3. dxe5 Ng4 4. Nf3 Nc6 5. e3 Bb4+ 6. Bd2 Bxd2+ 7. Qxd2 O-O 8.
Nc3 Ngxe5 9. Nxe5 Nxe5 10. Be2 d6 11. O-O Be6 12. b3 Qd7 13. f4 Nc6 14. Nd5 f6
15. Rf3 Bg4 16. Rg3 Bxe2 17. Qxe2 Rae8 18. Qb2 Kh8 19. Qc2 f5 20. Qc3 Rf7 21. h4
Ne7 22. Kf2 Ng8 23. h5 Nh6 24. Rh1 c6 25. Nb4 Re6 26. Nc2 c5 27. b4 b6 28. bxc5
dxc5 29. Ke2 Rd6 30. Rg5 Kg8 31. Rh3 Rff6 32. Ne1 Ng4 33. Nd3 Rxd3 34. Qxd3
Qxd3+ 35. Kxd3 Nf2+ 36. Ke2 Nxh3 37. gxh3 Kf7 38. h6 Rxh6 39. Rxf5+ Kg6 40. Rg5+
Kf6 41. Rg3 Rh4 42. Kf3 g6 43. e4 h6 44. a4 a5 45. Ke3 g5 46. fxg5+ hxg5 47. Kd3
Kg6 {Game drawn by mutual agreement} 1/2-1/2